 Dungeon Crawl Stone Soup version 0.24.0-7-gb3623d2c88 (webtiles) character file.

Game seed: 5730782725286535117, levelgen mode: deterministic

51 Kairok the Sneak (level 3, 0/18 HPs)
             Began as a Vine Stalker Assassin on Nov 2, 2019.
             Slain by a gnoll
             ... wielding a +0 spear of flaming
              (2 damage)
             ... on level 2 of the Dungeon.
             The game lasted 00:01:33 (1163 turns).

Kairok the Sneak (Vine Stalker Assassin)            Turns: 1163, Time: 00:01:34

Health: 0/18       AC:  3    Str: 13    XL:     3   Next: 81%
Magic:  0/4        EV: 12    Int: 11    God:
Gold:   80         SH:  0    Dex: 16    Spells: 2/2 levels left

rFire    . . .     SeeInvis .   a - +2 dagger
rCold    . . .     Gourm    .   (no shield)
rNeg     . . .     Faith    .   b - +0 robe
rPois    .         Spirit   +   (no helmet)
rElec    .         Reflect  .   c - +0 cloak
rCorr    .         Harm     .   (no gloves)
MR       .....                  (no boots)
Stlth    +++.......             (no amulet)
HPRegen  0.06/turn              (no ring)
MPRegen  0.09/turn              (no ring)

@: no status effects
A: fangs 2, magic shield, antimagic bite, no potion heal 3, rot immunity
a: no special abilities


You were on level 2 of the Dungeon.
You were hungry.

You visited 1 branch of the dungeon, and saw 2 of its levels.

You collected 80 gold pieces.

Inventory:

Hand Weapons
 a - a +2 dagger (weapon)
Missiles
 d - 4 poisoned darts
 e - 2 curare-tipped darts
 h - 3 javelins (quivered)
Armour
 b - a +0 robe (worn)
 c - a +0 cloak (worn)
Scrolls
 i - a scroll of fear {unknown}
 k - a scroll of magic mapping {unknown}
 l - a scroll of remove curse {unknown}
 n - a scroll of enchant armour {unknown}
Potions
 g - a potion of heal wounds {unknown}
 j - a potion of curing
 m - a potion of cancellation
Comestibles
 f - 6 rations


   Skills:
 + Level 1.7 Fighting
 + Level 2.0 Short Blades
 + Level 1.9 Throwing
 + Level 1.1 Dodging
 + Level 6.2 Stealth


You had 2 spell levels left.
You didn't know any spells.
Your spell library was empty.

Dungeon Overview and Level Annotations

Branches:
Dungeon (2/15)

Altars:


Innate Abilities, Weirdness & Mutations

You have extremely sharp teeth.
When hurt, damage is shared between your health and your magic reserves.
Your bite disrupts and absorbs the magic of your enemies.
Potions cannot restore your health.
You are immune to rotting.


Message History

Press: ? - help, Shift-Dir - straight line, f/p - gnoll
Aim: a gnoll, wielding a +0 spear of flaming (lightly wounded, poisoned)
You throw a javelin. The javelin pierces through the gnoll.
The gnoll is lightly wounded.
Throwing (i - inventory. (/) - cycle)
h - 4 javelins (quivered)
Press: ? - help, Shift-Dir - straight line, f/p - gnoll
Aim: a gnoll, wielding a +0 spear of flaming (moderately wounded, poisoned)
You throw a javelin. The javelin barely misses the gnoll.
The javelin closely misses the gnoll.
The gnoll closely misses you.
The gnoll hits you with a +0 spear of flaming.
* * * LOW HITPOINT WARNING * * *
The gnoll burns you.
* * * LOW HITPOINT WARNING * * *
You hit the gnoll. Your bite misses the gnoll.
The gnoll is heavily wounded.
You hit the gnoll.
The gnoll is almost dead.
The gnoll looks more healthy.
The gnoll hits you from afar with a +0 spear of flaming.
You die...

#.#.# #.# #..รท.........##.
#.#.###.######.##.#...###.##.
#.#.##....((......##.## #.###
#.#.##..######.#####.####.### #
#.#.##..#####...##.....(.....
#.##..................#.####.###
#.......<..#####...####....#.###
####...g...######.## ####......
##..####(ggg@..# #.#.### #g.#
#.#####.# ##.#.# # #..####.# #.#
#....### #.......#
#.#######....... #.#####.#
#...........##.. #g#
#.######......#. #g# ## ..#
##.#....# #(##.# ## #......#
#(#.# ### #.....##


You could see 3 gnolls.

Vanquished Creatures
  An adder (D:2)
  A dart slug (D:2)
  2 leopard geckos
  2 giant cockroaches
  2 goblins (D:1)
  10 hobgoblins
  5 jackals (D:1)
  2 kobolds
  3 bats (D:1)
  A frilled lizard (D:1)
  2 rats
31 creatures vanquished.

Notes
Turn   | Place    | Note
-------+----------+-------------------------------------------
     0 | D:1      | Kairok the Vine Stalker Assassin began the quest for the
                  | Orb.
     0 | D:1      | Reached XP level 1. HP: 11/11 MP: 2/2
    41 | D:1      | Reached skill level 5 in Stealth
   136 | D:1      | Reached XP level 2. HP: 8/15 MP: 3/3
   487 | D:1      | Reached XP level 3. HP: 18/18 MP: 4/4
   770 | D:2      | Reached skill level 1 in Dodging
   796 | D:2      | Reached skill level 6 in Stealth
  1163 | D:2      | Slain by a gnoll

Levels and vault maps discovered:
D:1:      lemuel_arrival_hallway, layout_loops_ring, grunt_decor_mini_mirrors,
          minmay_misc_feat_square, minmay_ruptured
D:2:      layout_loops_ring, first_ration, chequers_arboretum,
          minmay_misc_feat_chi

Skill      XL: |  1  2  3 |
---------------+----------+-----
Stealth        | 5 6 |  6.2
Dodging        | 1 |  1.1
Short Blades   | 2 |  2.0
Fighting       | |  1.7
Throwing       | |  1.9

Action                   || total
-------------------------++-------
Melee: Dagger            ||    89
       Bite              ||    16
Throw: Dart              ||     4
       Javelin           ||     2
  Use: Scroll            ||     2
 Stab: Sleeping          ||    10
Armor: Robe              ||    15
Dodge: Dodged            ||    62
